 Dungeon Crawl Stone Soup version 0.22-a0-422-g9628fc8 (webtiles) character file.

3293 Jynxie the Fighter (level 9, -2/85 HPs)
             Began as a White Draconian Assassin on May 22, 2018.
             Was an Initiate of Dithmenos.
             Slain by a bullfrog zombie (4 damage)
             ... on level 8 of the Dungeon.
             The game lasted 00:37:25 (8025 turns).

Jynxie the Fighter (White Draconian Assassin)       Turns: 8025, Time: 00:37:26

Health: -2/85      AC:  8    Str: 16    XL:     9   Next: 69%
Magic:  9/9        EV: 11    Int:  9    God:    Dithmenos [......]
Gold:   321        SH:  0    Dex: 14    Spells: 8/8 levels left

rFire    . . .     SeeInvis .   t - +2 dagger (elec)
rCold    + . .     Gourm    .   (no shield)
rNeg     . . .     Faith    .   (armour unavailable)
rPois    .         Spirit   .   (helmet restricted)
rElec    .         Reflect  .   q - +0 cloak
rCorr    +         Harm     .   (no gloves)
MR       .....     Rnd*Rage +   (no boots)
Stlth    +++.......             v - amulet of the acrobat
HPRegen  0.24/turn              y - ring of resist corrosion
MPRegen  0.11/turn              (no ring)

@: lethally poisoned (-2 -> -8), flying, very slightly contaminated
A: breathe frost, unfitting armour, big wings, berserk 1, cold resistance 1,
dopey 1, screaming 1, cold-blooded, AC +7
a: Breathe Frost, Stop Flying, Renounce Religion


You were on level 8 of the Dungeon.
You worshipped Dithmenos.
Dithmenos was noncommittal.
You were not hungry.

You visited 2 branches of the dungeon, and saw 9 of its levels.

You collected 321 gold pieces.

Inventory:

Hand Weapons
 a - a +2 dagger
 b - a +0 blowgun
 i - a +1 short sword of speed
   (You took it off a kobold on level 1 of the Dungeon)
 t - a +2 dagger of electrocution (weapon)
   (You took it off an orc on level 5 of the Dungeon)
Missiles
 f - 7 curare-tipped needles (quivered) {!f}
 j - 33 poisoned needles
Armour
 q - a +0 cloak (worn)
Jewellery
 n - an uncursed amulet of faith {!P}
   (You found it on level 5 of the Dungeon)
 v - an amulet of the acrobat (around neck)
   (You found it on level 5 of the Dungeon)
 y - a ring of resist corrosion (left hand)
   (You found it on level 7 of the Dungeon)
Wands
 c - a wand of disintegration (7) {!d}
   (You found it on level 4 of the Dungeon)
 d - a wand of iceblast (10)
   (You found it on level 3 of the Dungeon)
 x - a wand of acid (8)
   (You found it on level 3 of the Dungeon)
Scrolls
 g - a scroll of amnesia
 h - a scroll of magic mapping
 m - 6 scrolls of remove curse {@r2}
 u - 3 scrolls of identify {@r1}
Potions
 o - a potion of mutation {!q}
 w - a potion of magic
 z - 2 potions of haste {@q3}
Comestibles
 e - 7 rations {!d}


   Skills:
 * Level 9.7 Fighting
 * Level 9.0 Short Blades
 - Level 1.7 Throwing
 - Level 0.8 Dodging
 + Level 7.1 Stealth


You had 8 spell levels left.
You didn't know any spells.
Your spell library was empty.

Dungeon Overview and Level Annotations

Branches:
Dungeon (8/15)             Temple (1/1) D:7
   Lair: D:8-11

Altars:
Ashenzari
Cheibriados
Dithmenos
Elyvilon
Fedhas
Gozag
Hepliaklqana
Kikubaaqudgha
Nemelex Xobeh
Okawaru
Qazlal
Ru
Sif Muna
Trog
Vehumet
Yredelemnul
Zin
The Shining One

Shops:
D:6 %=

Annotations:
D:5 exclusion: statue


Innate Abilities, Weirdness & Mutations

You can breathe waves of freezing cold.
You can buffet flying creatures when you breathe cold.
Your icy white scales are hard. (AC +7)
You cannot fit into any form of body armour.
Your flesh is cold resistant. (rC+)
You are cold-blooded and may be slowed by cold attacks.
Your large and strong wings let you fly indefinitely.
You tend to lose your temper in combat.
You are dopey. (Int -2)
You occasionally shout uncontrollably at your foes.


Message History

You feel sick. The killer bee misses you.
You feel sick. The killer bee closely misses you. The killer bee misses you.
You feel sick. The killer bee stings you.
You are more poisoned.
The killer bee poisons you!
You miss the killer bee.
You have got your breath back.
The killer bee barely misses you.
You miss the killer bee.
You feel sick. The killer bee stings you.
You are more poisoned.
The killer bee poisons you!
You hit the killer bee.
Lightning courses through the killer bee!
You kill the killer bee!
Dithmenos accepts your kill.
Your Short Blades skill increases to level 9!
You feel sick.
You closely miss the killer bee.
You feel sick. The killer bee stings you.
* * * LOW HITPOINT WARNING * * *
The killer bee misses you.
You hit the killer bee.
Lightning courses through the killer bee!
You kill the killer bee!
Dithmenos accepts your kill.
You feel sick.
You barely miss the killer bee.
Your tail-slap misses the killer bee.
You feel sick. The killer bee stings you.
* * * LOW HITPOINT WARNING * * *
The killer bee stings you but does no damage.
You barely miss the killer bee.
Your tail-slap misses the killer bee.
You feel sick. The killer bee barely misses you.
You miss the killer bee.
You feel sick.
The killer bee stings you but does no damage.
You closely miss the killer bee. The killer bee stings you.
* * * LOW HITPOINT WARNING * * *
You feel sick. The killer bee completely misses you.
You feel sick. The killer bee stings you!
* * * LOW HITPOINT WARNING * * *
You feel sick. The killer bee stings you.
* * * LOW HITPOINT WARNING * * *
You feel sick. The killer bee misses you.
You feel sick. The killer bee closely misses you.
You feel sick. The killer bee completely misses you.
There is a stone staircase leading up here.
You feel sick.
The killer bee stings you but does no damage.
The killer bee stings you.
* * * LOW HITPOINT WARNING * * *
The bullfrog zombie hits you.
You die...

##...................... #
.......................###..
............................
........##†###.........(...
........##.## ####.....#
.......##...## ##......#
......#......###...##..##
.....#...###......###...#
....#...# ##..y@## ##..#
.....## ###Z## #..# ..# #.##
###..# .. #..###....#
##....####.# ###### ##


You could see a killer bee and a bullfrog zombie.

Vanquished Creatures
  The ghost of Autsider the Shield-Bearer, a novice FoFi of Qazlal (D:5)
  The ghost of Ratty the Ruffian, an amateur DrTm (D:4)
  A hippogriff (D:7)
  A water moccasin (D:7)
  2 ice beasts
  2 orc warriors
  A black bear (D:6)
  2 ogres
  A centaur (D:7)
  4 bullfrogs (D:6)
  A water moccasin zombie (D:6)
  11 killer bees
  2 scorpions
  3 vampire bats (D:5)
  2 howler monkeys (D:4)
  2 crimson imps
  A centaur zombie (D:6)
  2 hounds
  2 orc priests (D:6)
  5 orc wizards
  2 bullfrog skeletons
  A worker ant (D:2)
  A hound skeleton (D:4)
  8 adders
  A howler monkey skeleton (D:4)
  A shadow imp (D:7)
  An ooze (D:1)
  2 adder skeletons
  7 worms
  4 dart slugs
  3 leopard geckos
  14 orcs
  3 ball pythons
  10 bats
  5 bat zombies (D:5)
  A giant cockroach (D:3)
  8 goblins
  11 hobgoblins
  16 jackals
  8 kobolds
  3 quokkas
  2 frilled lizards
  A leopard gecko skeleton (D:4)
  A quokka skeleton (D:5)
  3 rats
164 creatures vanquished.

Notes
Turn   | Place    | Note
-------+----------+-------------------------------------------
     0 | D:1      | Jynxie the Draconian Assassin began the quest for the Orb.
     0 | D:1      | Reached XP level 1. HP: 17/17 MP: 1/1
   122 | D:1      | Reached XP level 2. HP: 17/25 MP: 2/2
   519 | D:1      | Reached XP level 3. HP: 26/31 MP: 3/3
  1069 | D:2      | Gained mutation: You are dopey. (Int -2) [potion of mutation]
  1069 | D:2      | Gained mutation: You occasionally shout uncontrollably at your foes. [potion of mutation]
  1069 | D:2      | Gained mutation: You tend to lose your temper in combat. [potion of mutation]
  1069 | D:2      | Gained mutation: Your large and strong wings let you fly indefinitely. [potion of mutation]
  1341 | D:2      | Reached XP level 4. HP: 39/39 MP: 4/4
  2040 | D:3      | Noticed a moth of wrath
  2043 | D:3      | Found a bloodstained altar of Trog.
  2597 | D:3      | Found a basalt altar of Yredelemnul.
  3296 | D:4      | Reached XP level 5. HP: 34/46 MP: 5/5
  3521 | D:4      | Noticed Ratty's ghost (amateur DrTm)
  3650 | D:4      | Killed Ratty's ghost
  3650 | D:4      | Reached skill level 5 in Fighting
  3650 | D:4      | Reached XP level 6. HP: 25/56 MP: 6/6
  3786 | D:4      | Found a stormy altar of Qazlal.
  3885 | D:4      | Reached skill level 5 in Short Blades
  3885 | D:4      | Your scales start taking on an icy white colour.
  3885 | D:4      | Reached XP level 7. HP: 48/61 MP: 7/7
  3885 | D:4      | Gained mutation: Your flesh is cold resistant. (rC+) [White Draconian growth]
  4235 | D:5      | Entered Level 5 of the Dungeon
  4245 | D:5      | Found a sacrificial altar of Ru.
  4263 | D:5      | Noticed Autsider's ghost (novice FoFi)
  4332 | D:5      | Killed Autsider's ghost
  4332 | D:5      | Reached skill level 5 in Stealth
  4533 | D:5      | Found a radiant altar of Vehumet.
  4986 | D:5      | Reached XP level 8. HP: 71/71 MP: 8/8
  5263 | D:5      | Found an ancient bone altar of Kikubaaqudgha.
  6207 | D:6      | Found a blossoming altar of Fedhas.
  6352 | D:6      | Reached XP level 9. HP: 64/82 MP: 9/9
  6442 | D:6      | Found Imynoera's Jewellery Shoppe.
  6502 | D:6      | Found Ahim's Food Boutique.
  6780 | D:7      | Found a staircase to the Ecumenical Temple.
  6815 | Temple   | Entered the Ecumenical Temple
  6936 | D:7      | Found an iron altar of Okawaru.
  7053 | D:7      | Found a shadowy altar of Dithmenos.
  7060 | D:7      | Became a worshipper of Dithmenos the Shadowed
  8025 | D:8      | HP: 2/85 [killer bee (5)]
  8025 | D:8      | Slain by a bullfrog zombie

Vault maps used:
D:1:      scummos_arrival_simple_crosswalls, st_stairs_10
D:2:      minmay_misc_feat_diagonals
D:3:      nicolae_overflow_crystal_walls, tgw_trog
D:4:      minmay_crystal_room, nicolae_qazlal_eye_of_the_storm
D:5:      kennysheep_vampire_church, vehumet_statue,
          nicolae_ru_sacrificial_ziggurat, first_ration
D:6:      serial_shops, shop, shop, fedhas_altar_2
D:7:      grunt_dithmenos_smoke, okawaru_trees_1, temple_statues
D:8:      makhleb_altar_promises_db, gammafunk_temple_overflow_statue,
          david_nohive_1, hangedman_decor_clover_reticule,
          hangedman_decor_points
Temple:   cyrus_temple_forest

Skill      XL: |  1  2  3  4  5  6  7  8  9 |
---------------+----------------------------+-----
Fighting       | 3 4 5 6 8 9 |  9.7
Short Blades   | 3 4 5 6 7 9 |  9.0
Stealth        | 4 5 6 7 |  7.1
Throwing       | |  1.7
Dodging        | |  0.8

Action                   |  1- 3 |  4- 6 |  7- 9 || total
-------------------------+-------+-------+-------++-------
Melee: Dagger            |    71 |       |   255 ||   326
       Tailslap          |    19 |    22 |    52 ||    93
       Short sword       |   113 |   174 |    96 ||   383
 Abil: Breathe Frost     |       |       |     9 ||     9
       Fly               |       |       |     1 ||     1
Evoke: Wand              |       |     3 |     2 ||     5
  Use: Scroll            |     4 |     3 |     3 ||    10
       Potion            |     4 |     1 |     3 ||     8
 Stab: Distracted        |     1 |     1 |     1 ||     3
       Sleeping          |     2 |     3 |    12 ||    17
  Eat: Chunk             |     1 |     6 |    12 ||    19
       Ration            |       |     1 |     1 ||     2
Armor: Skin              |    66 |    38 |    78 ||   182
Dodge: Dodged            |    72 |    46 |   168 ||   286

Table legend:
 A = Spawn XP
 B = Non-spawn XP
 C = Spawn XP percentage of total XP
 D = Spawn monster count
 E = Non-spawn monster count
 F = Spawn count percentage of total count
 G = Total turns spent on level
                    A         B        C        D         E        F      G
               +---------+---------+-------+---------+---------+-------+---------
         Total |       0 |    4705 |   0.0 |       0 |     164 |   0.0 |  8025
               +---------+---------+-------+---------+---------+-------+---------
           D:1 |       0 |      49 |   0.0 |       0 |      23 |   0.0 |   695
           D:2 |       0 |     102 |   0.0 |       0 |      24 |   0.0 |  1307
           D:3 |       0 |      54 |   0.0 |       0 |      20 |   0.0 |  1549
           D:4 |       0 |     554 |   0.0 |       0 |      18 |   0.0 |   684
           D:5 |       0 |    1081 |   0.0 |       0 |      28 |   0.0 |  1305
           D:6 |       0 |    1159 |   0.0 |       0 |      23 |   0.0 |   997
           D:7 |       0 |    1330 |   0.0 |       0 |      22 |   0.0 |  1276
           D:8 |       0 |     376 |   0.0 |       0 |       6 |   0.0 |    95
               +---------+---------+-------+---------+---------+-------+---------
